Map: 카탈리스트 - 래더

Players

INnoVation - Winner!

  • Race: Terran Terran
  • League: Master
  • Spawn Location: 11:00

llllllllllll (herO)

  • Race: Protoss Protoss
  • League: Grandmaster
  • Spawn Location: 5:00

VOD

Have the link to the VOD?

Description

Time

  • Played on: May 3, 2018, 8:21 a.m.
  • Length: 9:37
Show
View Real Time Build Order
Export as new Build Order

INnoVation Terran - Winner!

Build Orders: Cyclone Opening, Gas First Reaper Expand, Reaper Expand, MMM Bio 

Get SALT Encoding   

  12  0:00  SCV  
  13  0:12  SCV  
  14  0:17  Supply Depot  
  14  0:24  SCV  
  14  0:27  Refinery  
  15  0:38  SCV  
  16  0:44  Barracks  
  16  0:50  SCV  
  17  1:02  SCV  
  18  1:15  SCV  
  19  1:30  Orbital Command  
  19  1:31  Reaper  
  20  1:50  Command Center  
  20  1:55  Refinery  
  20  2:00  Factory  
  20  2:04  Barracks Reactor  
  20  2:06  SCV  
  21  2:13  Supply Depot  
  21  2:18  SCV  
  22  2:30  SCV  
  23  2:42  SCV  
  24  2:49  Cyclone  
  24  2:50  Cyclone  
  30  2:54  SCV  
  31  3:02  Orbital Command  
  31  3:07  SCV  
  32  3:17  Starport  
  32  3:21  Hellion, Barracks Tech Lab  
  32  3:22  Hellion  
  32  3:25  SCV  
  37  3:29  SCV  
  38  3:40  SCV, Supply Depot  
  38  3:41  SCV  
  40  3:43  Hellion  
  40  3:44  Hellion  
  40  3:45  Marine  
  45  3:55  Starport Tech Lab  
  45  3:56  SCV  
  45  4:02  SCV  
  47  4:03  Supply Depot  
  49  4:11  Widow Mine x2  
  49  4:14  Cloaking Field, Banshee  
  49  4:16  SCV x2  
  47  4:18  Marine  
  46  4:28  SCV x2  
  46  4:29  Bunker  
  48  4:36  Marine  
  49  4:43  SCV x2, Stimpack  
  49  4:44  Barracks  
  51  4:48  Factory Reactor  
  51  4:52  Barracks  
  51  4:57  Engineering Bay, Banshee, Marine  
  55  5:00  SCV x2  
  57  5:07  Refinery  
  57  5:08  Supply Depot  
  57  5:12  SCV x2  
  59  5:15  Marine  
  60  5:24  SCV x2  
  60  5:26  Terran Infantry Weapons Level 1  
  62  5:32  Marine  
  62  5:33  Barracks, Marine  
  62  5:34  Barracks  
  64  5:36  SCV x2, Supply Depot, Factory Reactor  
  64  5:40  Marine  
  67  5:44  Marine x2  
  67  5:48  SCV  
  67  5:49  Supply Depot  
  70  5:56  Supply Depot  
  70  5:58  SCV, Marine x2  
  70  5:59  Refinery  
  70  6:00  SCV  
  70  6:02  Starport Reactor  
  72  6:08  Marauder  
  72  6:09  Marine x2  
  72  6:10  SCV  
  75  6:13  Supply Depot  
  75  6:16  Marine x2  
  75  6:17  Widow Mine  
  75  6:18  Widow Mine  
  81  6:20  SCV  
  81  6:22  SCV  
  81  6:25  Barracks Reactor, Barracks Tech Lab  
  83  6:26  Supply Depot  
  80  6:33  Marine x2  
  80  6:34  Marauder  
  80  6:38  Medivac  
  80  6:39  Medivac  
  85  6:40  Supply Depot  
  85  6:41  Widow Mine x2  
  85  6:43  Combat Shields  
  85  6:47  Marauder  
  91  6:48  Marine x2  
  91  6:50  Marine x2  
  91  6:54  Supply Depot  
  95  6:55  Marauder  
  95  6:58  Concussive Shells  
  97  7:03  Marine x2  
  97  7:04  Widow Mine  
  97  7:05  Widow Mine  
  103  7:09  Medivac x2  
  103  7:10  Supply Depot  
  107  7:16  Marauder x2  
  107  7:21  Marine x5  
  107  7:22  Marine  
  117  7:26  Widow Mine x2  
  121  7:31  Terran Infantry Armor Level 1  
  121  7:33  Supply Depot  
  121  7:34  Supply Depot  
  121  7:40  Marauder x2  
  121  7:41  Marine x3  
  121  7:42  Marine x3  
  131  7:47  Widow Mine  
  133  7:54  Medivac x2  
  133  7:55  Widow Mine  
  135  8:05  Marine x3, Marauder x2  
  133  8:06  Marine x2  
  130  8:13  Widow Mine  
  130  8:16  Widow Mine  
  128  8:24  Medivac x2  
  123  8:27  Marauder x2  
  123  8:30  Marine x3  
  123  8:31  Marine x3  
  131  8:35  Widow Mine  
  131  8:38  Widow Mine  
  135  8:50  Marine x6, Marauder x2  
  145  8:58  Widow Mine  
  145  8:59  Widow Mine  
  145  9:02  Medivac x2  
  144  9:12  Marine x2, Marauder x2  
  144  9:13  Marine x2  
Show
View Real Time Build Order
Export as new Build Order

llllllllllll Protoss 

Build Orders: 1 Gate Expand, Double Forge, Oracle Opening 

Get SALT Encoding   

  12  0:00  Probe  
  13  0:12  Probe  
  14  0:17  Pylon  
  14  0:23  Probe  
  15  0:31  Probe  
  15  0:37  Gateway  
  15  0:39  Probe  
  16  0:46  Assimilator  
  17  0:51  Probe  
  18  1:03  Probe  
  19  1:15  Probe  
  20  1:23  Nexus  
  20  1:34  Cybernetics Core  
  20  1:37  Probe  
  21  1:42  Assimilator  
  21  1:49  Probe  
  21  1:53  Pylon  
  22  2:01  Probe  
  22  2:02  Adept  
  23  2:13  Probe  
  26  2:19  Stargate  
  26  2:24  Warp Gate  
  26  2:25  Probe  
  27  2:30  Adept  
  27  2:31  Probe  
  27  2:33  Probe  
  30  2:39  Probe  
  30  2:41  Probe  
  32  2:49  Probe  
  32  2:52  Probe  
  32  2:54  Oracle  
  39  3:07  Stalker  
  39  3:09  Shield Battery  
  39  3:12  Probe  
  40  3:13  Probe  
  40  3:18  Pylon  
  41  3:22  Oracle  
  41  3:24  Probe  
  41  3:25  Probe  
  46  3:37  Probe x2  
  48  3:45  Gateway x2  
  48  3:51  Probe x2  
  50  4:00  Pylon  
  50  4:03  Probe x2  
  48  4:15  Probe x2  
  48  4:20  Nexus  
  48  4:26  Forge  
  48  4:28  Forge  
  48  4:31  Probe  
  48  4:32  Probe  
  48  4:34  Assimilator  
  48  4:36  Assimilator  
  50  4:44  Stalker  
  53  4:45  Probe x2  
  53  4:51  Protoss Ground Weapons Level 1, Protoss Ground Armor Level 1  
  54  4:54  Pylon  
  54  4:56  Probe x2  
  54  4:58  Twilight Council  
  56  5:04  Probe x2  
  56  5:10  Pylon  
  56  5:12  Probe x2  
  57  5:21  Robotics Facility  
  57  5:24  Probe x2  
  59  5:32  Probe  
  59  5:35  Charge  
  60  5:36  Probe x2  
  62  5:45  Probe  
  62  5:48  Gateway, Probe x2  
  62  5:49  Gateway x2  
  65  5:56  Gateway  
  65  5:58  Gateway  
  65  6:01  Sentry x3  
  71  6:07  Observer  
  71  6:08  Probe x3  
  71  6:09  Phoenix  
  74  6:20  Probe x2  
  74  6:24  Stalker x2  
  74  6:25  Observer, Stalker  
  76  6:28  Probe  
  76  6:32  Probe  
  73  6:35  Probe  
  73  6:36  Probe  
  72  6:44  Probe  
  72  6:45  Probe  
  72  6:46  Warp Prism  
  76  6:47  Zealot x2  
  76  6:48  Probe  
  82  6:58  Probe x3  
  82  6:59  Pylon  
  82  7:00  Sentry x2, Zealot  
  91  7:06  Pylon  
  91  7:07  Pylon  
  91  7:11  Pylon  
  91  7:15  Stalker  
  93  7:16  Blink  
  94  7:22  Probe  
  94  7:24  Probe  
  94  7:25  Pylon  
  94  7:27  Zealot x3  
  101  7:35  Zealot, Stalker x2  
  107  7:42  Zealot, Photon Cannon  
  108  7:50  Stalker x3  
  105  7:56  Zealot x2  
  104  8:01  Zealot  
  104  8:02  Zealot  
  95  8:13  Probe x3  
  95  8:16  Zealot x4  
  98  8:22  Zealot  
  98  8:23  Zealot x2  
  96  8:27  Phoenix  
  96  8:29  Zealot  
  95  8:36  Zealot  
  95  8:38  Zealot x3  
  103  8:47  Zealot x2  
  103  8:48  Phoenix  
  107  8:53  Zealot x2  
  85  9:03  Zealot x3  
  85  9:05  Zealot  
  85  9:06  Zealot  
  85  9:17  Zealot x2  
  85  9:23  Zealot x3  
Tags
 
Add a new tag
Caveats
  • Supply blocks, unpowered buildings, or Contaminate may cause inaccurate times.
  • Supply counts are checked every 10 seconds.